 Dungeon Crawl Stone Soup version 0.18.1-50-g88ac8fd (webtiles) character file.

434 ololoev the Magician (level 6, 0/32 HPs)
             Began as a Deep Elf Earth Elementalist on Dec 6, 2016.
             Was an Initiate of Vehumet.
             Slain by a worker ant (6 damage)
             ... on level 5 of the Dungeon.
             The game lasted 00:12:51 (1112 turns).

ololoev the Magician (Deep Elf Earth Elementalist)  Turns: 1112, Time: 00:12:53

Health: 0/32       AC:  3    Str:  5    XL:     6   Next: 67%
Magic:  1/18       EV: 13    Int: 20    God:    Vehumet [......]
Gold:   60         SH:  0    Dex: 15    Spells: 5 memorised, 4 levels left

rFire  . . .     SeeInvis .     e - scroll of teleportation {unknown}
rCold  . . .     Gourm    .     a - +0 robe
rNeg   . . .     Faith    .     (no shield)
rPois  .         Spirit   .     (no helmet)
rElec  .         Dismiss  .     (no cloak)
rCorr  .         Reflect  .     (no gloves)
SustAt .         Harm     .     f - +0 pair of boots
MR     .....                    (no amulet)
Stlth  ++........               (no ring)
                                (no ring)

@: lethally poisoned (0 -> -6), very slightly contaminated, not resistant to
hostile enchantments, unstealthy
A: dopey 1
a: Renounce Religion


Innate Abilities, Weirdness & Mutations

You are dopey. (Int -2)

Inventory:

Armour
 a - a +0 robe (worn)
 f - a +0 pair of boots (worn)
Scrolls
 e - a scroll of teleportation (in hand) {unknown}
 g - a scroll of magic mapping {unknown}
 h - a scroll of enchant weapon {unknown}
 i - 2 scrolls of identify {unknown}
Potions
 k - a potion of lignification {unknown}
 l - a potion of heal wounds {unknown}
 m - a potion of agility {unknown}
 n - a potion of curing {unknown}
Books
 c - a book of Geomancy

   Spells                             Type                      Level
   a - Sandblast                      Earth                        1
   b - Passwall                       Transmutation/Earth          2
   c - Stone Arrow                    Conjuration/Earth            3
   d - Petrify                        Transmutation/Earth          4
   e - Lee's Rapid Deconstruction     Earth                        5
Comestibles
 d - a bread ration
 j - a slice of pizza
 o - a chunk of flesh


   Skills:
 - Level 2.4 Dodging
 - Level 2.4 Stealth
 * Level 7.3 Spellcasting
 * Level 3.2 Conjurations
 - Level 1.1 Transmutations
 + Level 5.0 Earth Magic


You had 4 spell levels left.
You knew the following spells:

 Your Spells              Type           Power        Failure   Level  Hunger
a - Sandblast             Erth           ####..       1%          1    None
b - Stone Arrow           Conj/Erth      ###...       8%          3    #......
c - Lee's Rapid Deconstr  Erth           ####......   38%         5    #####..
d - Petrify               Trmt/Erth      ###.....     30%         4    ###....
w - Passwall              Trmt/Erth      ###.......   4%          2    None


You were on level 5 of the Dungeon.
You worshipped Vehumet.
Vehumet was noncommittal.
You were not hungry.

You visited 1 branch of the dungeon, and saw 5 of its levels.

You collected 60 gold pieces.

#.8.8.8.#
#..⌠.⌠..#
####.8.>.8.#
#.....⌠.⌠..###.#
#.##.8...8......
#.##........#
#.##....###.#
##.#####a###.#
#....K.@†....# #
#........#####
.###.##.#####.##
.........).##.#
#######(##.##.#
#[##.##.#
#.......#
####.####
#######
###.#####

Notes
Turn   | Place    | Note
--------------------------------------------------------------
     0 | D:1      | ololoev the Deep Elf Earth Elementalist began the quest for the Orb.
     0 | D:1      | Reached XP level 1. HP: 10/10 MP: 6/6
     0 | D:1      | ololoev: !lg . -log
     0 | D:1      | beem: 3171. ololoev, XL1 DEEE, T:155: http://crawl.xtahua.com/crawl/morgue/ololoev/morgue-ololoev-20161206-105116.txt
    46 | D:3      | Found a radiant altar of Vehumet.
    52 | D:3      | Became a worshipper of Vehumet
    78 | D:4      | Noticed a phantom
   244 | D:4      | Killed a phantom
   244 | D:4      | Reached skill level 5 in Spellcasting
   244 | D:4      | Reached XP level 2. HP: 15/15 MP: 0/10
   244 | D:4      | Reached XP level 3. HP: 19/19 MP: 0/11
   244 | D:4      | Reached XP level 4. HP: 24/24 MP: 0/13
   248 | D:4      | Learned a level 2 spell: Passwall
   252 | D:4      | Learned a level 3 spell: Stone Arrow
   368 | D:4      | Iwannabefree: eee
   371 | D:4      | Iwannabefree: deee
   373 | D:4      | Iwannabefree: yo
   374 | D:4      | ololoev: hi befree
   407 | D:4      | Iwannabefree: nazivay menyaprosto IWAN
   408 | D:4      | ololoev: okay
   447 | D:4      | ololoev: crazy ivan
   463 | D:3      | Noticed ololoev's ghost (weakling DEEE)
   464 | D:3      | Iwannabefree: aivan
   464 | D:3      | ololoev: лол
   490 | D:4      | Iwannabefree: я так однажды бежал от какой-то хуеты
   493 | D:4      | Iwannabefree: и спустился
   511 | D:4      | Iwannabefree: а там огр с гск ждет
   535 | D:4      | Noticed ololoev's ghost (weakling DEEE)
   535 | D:4      | Found an iron altar of Okawaru.
   590 | D:4      | Reached skill level 6 in Spellcasting
   590 | D:4      | Reached XP level 5. HP: 24/28 MP: 4/15
   597 | D:4      | Learned a level 5 spell: Lee's Rapid Deconstruction
   602 | D:4      | Learned a level 4 spell: Petrify
   665 | D:4      | Reached skill level 1 in Conjurations
   702 | D:4      | Iwannabefree: NOOOOOOOOO
   704 | D:4      | Iwannabefree: проебал
   704 | D:4      | ololoev: da pofig
   704 | D:4      | ololoev: opasno bilo
   704 | D:4      | Iwannabefree: там поушенки
   706 | D:4      | Iwannabefree: и блинкскроллы
   745 | D:4      | ololoev: da e
   754 | D:4      | Iwannabefree: есть какая-то команда, убирающая отображение оружия на тайле персонажа?
   760 | D:4      | Found a sparkling altar of Nemelex Xobeh.
   762 | D:4      | ololoev: хз, не интересовался
   780 | D:4      | Gained mutation: You are dopey. (Int -2) [helix card]
   797 | D:5      | Entered Level 5 of the Dungeon
   797 | D:5      | Noticed a phantom
   930 | D:5      | Killed a phantom
   930 | D:5      | Reached XP level 6. HP: 11/32 MP: 0/17
   931 | D:5      | ololoev: как же больно без камней
  1037 | D:5      | Reached skill level 7 in Spellcasting
  1037 | D:5      | Reached skill level 5 in Earth Magic
  1079 | D:5      | Found a staircase to the Ecumenical Temple.
  1112 | D:5      | Slain by a worker ant

Dungeon Overview and Level Annotations

Branches:
Dungeon (5/15)             Temple (0/1) D:5

Altars:
Nemelex Xobeh
Okawaru
Vehumet

Annotations:
D:3 ololoev's ghost, weakling DEEE
D:4 exclusion: upstairs, ololoev's ghost, weakling DEEE


Message History

You swing at nothing.
You swing at nothing.
You swing at nothing.
You swing at nothing.
You swing at nothing.
You swing at nothing.
You swing at nothing.
You swing at nothing.
You swing at nothing.
A worker ant comes into view.
You swing at nothing.
The worker ant twitches its antennae in your direction.
Casting: Sandblast
Confirm with . or Enter, or press ? or * to list all spells.
The spell is very dangerous to cast!
Continue anyway?
Aiming: Lee's Rapid Deconstruction
Press: ? - help, Dir - move target cursor You miscast Lee's Rapid Deconstruction.
You are very lightly contaminated with residual magic.
The floor vibrates.
The worker ant twitches its antennae in your direction.
The worker ant bites you but does no damage.
The worker ant misses you.
Casting: Lee's Rapid Deconstruction
Confirm with . or Enter, or press ? or * to list all spells.
The spell is very dangerous to cast!
Continue anyway?
Aiming: Lee's Rapid Deconstruction
Press: ? - help, Dir - move target cursor You miscast Lee's Rapid Deconstruction.
Your feet feel warm.
The worker ant closely misses you.
Evoke which item? (* to show all) (? for menu, Esc to quit)
You draw a card...
It is Wild Magic.
You feel a surge of magic.
You feel your power returning. The worker ant closely misses you.
Casting: Lee's Rapid Deconstruction
Confirm with . or Enter, or press ? or * to list all spells.
The spell is very dangerous to cast!
Continue anyway?
Aiming: Lee's Rapid Deconstruction
Press: ? - help, Dir - move target cursor The statue shatters!
The blast of rock fragments hits the worker ant.
The worker ant is heavily wounded.
The blast of rock fragments hits the worker ant.
The worker ant is almost dead.
You hear a shout! x2
The worker ant bites you!
The worker ant bites you but does no damage.
Unknown command.
Unknown command.
Casting: Lee's Rapid Deconstruction
Confirm with . or Enter, or press ? or * to list all spells.
Aiming: Sandblast
Press: ? - help, Shift-Dir - straight line, f - worker ant
Aim: a worker ant (heavily wounded)
The blast of sand hits the worker ant.
The worker ant is heavily wounded.
The worker ant bites you. x2
You are lethally poisoned!
The worker ant poisons you!
You feel sick.
Casting: Sandblast
Confirm with . or Enter, or press ? or * to list all spells.
Aiming: Sandblast
Press: ? - help, Shift-Dir - straight line, f - worker ant, p - worker ant
Aim: a worker ant (almost dead)
The blast of sand hits the worker ant.
You kill the worker ant!
Vehumet accepts your kill.
You feel sick.
Evoke which item? (* to show all) (? for menu, Esc to quit)
You don't have any such object.
Evoke which item? (* to show all) (? for menu, Esc to quit)
Okay, then.
Evoke which item? (* to show all) (? for menu, Esc to quit)
You draw a card...
It is the Mercenary.
The deck of cards disappears without a trace.
You cannot afford Bajets's fee of 87 gold!
Bajets attacks!
Bajets the big kobold comes into view. It is wielding a dagger of protection.
The worker ant bites you.
You die...

You could see Bajets the big kobold and a worker ant.

Vanquished Creatures
  2 phantoms
  A centaur (D:5)
  A howler monkey (D:4)
  3 worker ants
  A killer bee zombie (D:5)
  2 hound skeletons (D:4)
  An adder (D:4)
  4 giant geckos
  2 orcs (D:4)
  2 giant cockroaches
  A quokka (D:5)
  A bat (D:2)
  A giant newt (D:5)
  A rat (D:1)
23 creatures vanquished.

Action                   |  1- 3 |  4- 6 || total
-------------------------+-------+-------++-------
 Cast: Sandblast         |    12 |    31 ||    43
       Stone Arrow       |       |    25 ||    25
       Lee's Rapid Decon |       |     1 ||     1
Evoke: Deck              |       |     8 ||     8
  Use: Potion            |       |     1 ||     1
  Eat: Bread ration      |       |     1 ||     1
Armor: Robe              |       |     7 ||     7
Dodge: Dodged            |     2 |    24 ||    26

Vault maps used:
D:1:      dpeg_arrival_central, moated_statue
D:2:      kennysheep_big_flooded_room, overflow_temple_1_default,
          nicolae_ru_the_path_less_chosen
D:3:      vehumet_crystals, st_stairs_3
D:4:      okawaru_metal_pillars_1_2, nemelex_deck, first_bread, enter_ossuary_4,
          uniq_natasha
D:5:      kennysheep_mini, minmay_temple_entry_statues_fountains
